 Dungeon Sprint DCSS version 0.24.0-123-gd5b16e6ec5 (webtiles) character file.

Game seed: 11686415532508250143, levelgen mode: deterministic

266 McKennaii the Destroyer (level 6, -2/70 HPs)
             Began as a Draconian Conjurer on Jan 26, 2020.
             Slain by a polar bear (16 damage)
             ... in the Dungeon (Sprint II: "The Violet Keep of Menkaure").
             The game lasted 00:04:11 (668 turns).

McKennaii the Destroyer (Draconian Conjurer)         Turns: 668, Time: 00:04:12

Health: -2/70      AC: 23    Str: 10    XL:     6   Next: 0%
Magic:  1/14       EV:  2    Int: 18    God:
Gold:   456        SH:  0    Dex: 11    Spells: 11/16 levels left

rFire    . . .     SeeInvis .   (no weapon)
rCold    . . .     Gourm    .   (no shield)
rNeg     + + +     Faith    .   (armour unavailable)
rPois    +         Spirit   .   (helmet currently unavailable)
rElec    .         Reflect  .   (cloak currently unavailable)
rCorr    .         Harm     .   (gloves currently unavailable)
MR       .....     NoTele   +   (boots currently unavailable)
Stlth    ++........             (no amulet)
HPRegen  0.21/turn              (no ring)
MPRegen  0.14/turn              (no ring)

@: tree-form
A: unfitting armour, AC +6
a: no special abilities


You were in the Dungeon.
You were not hungry.
You were a tree.
You visited 1 branch You collected 486 gold pieces.
You spent 30 gold pieces at shops.

Inventory:

Scrolls
 h - a scroll of blinking
Potions
 e - a potion of haste
 f - 2 potions of magic
Comestibles
 b - a ration


   Skills:
 + Level 1.4 Fighting
 + Level 3.8 Dodging
 + Level 3.4 Stealth
 * Level 5.6 Spellcasting
 + Level 10.4 Conjurations


You had 11 spell levels left.
You knew the following spells:

 Your Spells              Type           Power        Failure   Level  Hunger
a - Magic Dart            Conj           ####         1%          1    None
c - Iskenderun's Mystic   Conj           #####...     1%          4    ####...

Your spell library contained the following spells:

 Spells                   Type           Power        Failure   Level  Hunger
 Searing Ray              Conj           #####.       1%          2    None
 Dazzling Spray           Conj/Hex       ###...       4%          3    ##.....
 Force Lance              Conj/Tloc      ###.....     14%         4    ####...
 Fulminant Prism          Conj/Hex       ###.......   14%         4    ####...


Dungeon Overview and Level Annotations

Branches:
Dungeon (1/1)

Altars:
Cheibriados
Dithmenos
Elyvilon
Fedhas
Hepliaklqana
Kikubaaqudgha
Qazlal
Ru
Sif Muna
Wu Jian
Beogh
Jiyva
Lugonu

Shops:
D :!([*%=[[!:?[}=[

Annotations:
D exclusions: obsidian statue and oklob plant


Innate Abilities, Weirdness & Mutations

((Your plain brown scales are hard. (AC +6)))
You cannot fit into any form of body armour.
((You are cold-blooded and may be slowed by cold attacks.))


Message History

The polar bear bites you but does no damage.
The polar bear claws you but does no damage.
The polar bear claws you.
You barely miss the polar bear.
The polar bear is severely wounded.
The polar bear bites you! The polar bear claws you.
The polar bear claws you but does no damage.
The polar bear bites you!!
* * * LOW HITPOINT WARNING * * *
The polar bear claws you but does no damage.
The polar bear barely misses you.
Casting: Magic Dart (safe; 1% risk of failure)
Confirm with . or Enter, or press ? or * to list all spells.
Aiming: Magic Dart (safe; 1% risk of failure)
Press: ? - help, Shift-Dir - straight line, f/p - polar bear
Aim: a polar bear (severely wounded, berserk, fast, unusually strong)
The magic dart hits the polar bear but does no damage.
The polar bear is severely wounded.
The polar bear bites you!
You die... ## ○ ≈## .z #####≈≈#+++#+++# ####≈≈≈... .... ∩.∩#≈≈≈≈.## ##.. .∩.#≈≈≈≈##. .##.#### ∩..#≈≈≈≈#.. ..#.♣..# ...#≈≈### w#w

###h.## ...#≈##.# #+# .##..# .#
# ...#≈#..###.##...#..# .# .#
∩..'≈'##.'.<.+$# +..### .##h#
.∩.#†#..###.##.m.#....###...##▓
▓###≈##.# #'## .##....h.≈≈≈≈≈≈≈
####≈≈#####..####≈≈.....≈#+####
##≈≈≈#.##..#≈≈≈≈§≈≈..≈#.....


You could see a polar bear (berserk) and a flying skull (wandering).

Vanquished Creatures
  Menkaure (D)
  A scorpion (D)
  4 worker ants (D)
  3 worms (D)
9 creatures vanquished.

Vanquished Creatures (others)
  A crocodile (D)
1 creature vanquished.

Grand Total: 10 creatures vanquished

Notes
Turn   | Place    | Note
-------+----------+-------------------------------------------
     0 | D        | McKennaii the Draconian Conjurer began the quest for the
                  | Orb.
     0 | D        | Reached XP level 1. HP: 14/14 MP: 3/3
     1 | D        | Noticed a merfolk siren
     4 | D        | Noticed a tyrant leech
     4 | D        | Noticed a tyrant leech
     7 | D        | Noticed a worker ant
     7 | D        | Noticed a worker ant
    12 | D        | Killed a worker ant
    12 | D        | Reached skill level 6 in Conjurations
    12 | D        | Reached XP level 2. HP: 20/20 MP: 3/5
    15 | D        | Reached XP level 3. HP: 26/26 MP: 3/7
    23 | D        | Reached skill level 7 in Conjurations
    23 | D        | Reached XP level 4. HP: 25/33 MP: 3/9
    33 | D        | Reached skill level 8 in Conjurations
    85 | D        | Killed a crocodile
   112 | D        | Learned a level 4 spell: Iskenderun's Mystic Blast
   228 | D        | Found Ylisyg's Jewellery Emporium.
   229 | D        | Found Dapteodo's Distillery.
   229 | D        | Found Qoloil's Antique Armour Emporium.
   229 | D        | Found Gona's General Store.
   229 | D        | Found Fyr Suuf's Antique Armour Shoppe.
   229 | D        | Found Peuz's Magic Scroll Shoppe.
   229 | D        | Found Bufan's Armour Emporium.
   229 | D        | Found Wafiwuin's Gadget Shoppe.
   229 | D        | Found Fairov's Jewellery Emporium.
   229 | D        | Found Sokhluv's Antique Armour Shoppe.
   229 | D        | Found Pogekk's Book Emporium.
   230 | D        | Found Usmy's Antique Weapon Shoppe.
   230 | D        | Found Sopiel's Armour Shoppe.
   230 | D        | Found Pinufaq's Food Emporium.
   230 | D        | Found Olaov's Distillery.
   230 | D        | Noticed Menkaure
   230 | D        | Noticed a redback
   240 | D        | Killed Menkaure
   240 | D        | Reached skill level 1 in Fighting
   240 | D        | Reached skill level 5 in Spellcasting
   240 | D        | Reached skill level 10 in Conjurations
   240 | D        | Reached XP level 5. HP: 40/40 MP: 0/12
   327 | D        | Noticed a redback
   327 | D        | Noticed an oklob plant
   328 | D        | Found Fasez's Book Shoppe.
   331 | D        | Noticed an ice dragon
   333 | D        | Bought a potion of lignification for 30 gold pieces
   334 | D        | Noticed a manticore
   453 | D        | Noticed an obsidian statue
   536 | D        | Reached XP level 6. HP: 47/47 MP: 3/14
   632 | D        | Found a roughly hewn altar of Beogh.
   633 | D        | Found a snail-covered altar of Cheibriados.
   634 | D        | Found a hazy altar of Hepliaklqana.
   635 | D        | Found a shadowy altar of Dithmenos.
   635 | D        | Found a viscous altar of Jiyva.
   636 | D        | Found a white marble altar of Elyvilon.
   636 | D        | Found an ancient bone altar of Kikubaaqudgha.
   636 | D        | Found a sacrificial altar of Ru.
   638 | D        | Found a blossoming altar of Fedhas.
   638 | D        | Found a corrupted altar of Lugonu.
   638 | D        | Found a shimmering blue altar of Sif Muna.
   640 | D        | Found a stormy altar of Qazlal.
   640 | D        | Found an ornate altar of the Wu Jian Council.
   641 | D        | Noticed a polar bear
   641 | D        | Noticed a polar bear
   650 | D        | Noticed a flying skull
   655 | D        | Noticed a flying skull
   657 | D        | Noticed a flying skull
   661 | D        | Noticed a flying skull
   662 | D        | Noticed a flying skull
   668 | D        | Noticed a flying skull
   668 | D        | Slain by a polar bear

Levels and vault maps discovered:
D:        the_violet_keep_of_menkaure [sprint2_stairs_cluster_1,
          sprint2_shoproom, sprint2_temple, sprint2_basic_supplies,
          sprint2_obstacle_3, sprint2_obstacle_5, sprint2_obstacle_1,
          sprint2_obstacle_7, sprint2_obstacle_4, sprint2_timed_cluster_1,
          sprint2_smallroom_cluster_1, sprint2_smallroom_final_cluster_1,
          sprint2_transparent_cluster_1, sprint2_second_timed_cluster_1,
          sprint2_sniper_area_1, sprint2_heavy_combat_area_1,
          sprint2_mutation_trap_area_1, sprint2_forest_area_1,
          sprint2_light_combat_area_1, sprint2_behind_water_1,
          sprint2_near_end_vault_1]

Skill      XL: |  1  2  3  4 |
---------------+-------------+-----
Dodging        | 2 3 |  3.8
Stealth        | 2 3 |  3.4
Conjurations   | 6 7 10 | 10.4
Spellcasting   | 3 5 |  5.6
Fighting       | 1 |  1.4

Action                   |  1- 3 |  4- 6 || total
-------------------------+-------+-------++-------
Melee: Unarmed           |    12 |    12 ||    24
       Tailslap          |     4 |       ||     4
 Cast: Magic Dart        |       |    26 ||    26
       Iskenderun's Myst |       |     7 ||     7
  Use: Potion            |     1 |     3 ||     4
Armor: Skin              |     1 |    27 ||    28
Dodge: Dodged            |     3 |    14 ||    17
